Map: Catalyst LE

Players

HeroMarine - Winner!

  • Race: Terran Terran
  • Spawn Location: 5:00

Seither

  • Race: Terran Terran
  • Spawn Location: 11:00

Event: WCS Valencia 2018

VOD

Have the link to the VOD?

Description

Time

  • Played on: July 12, 2018, 12:52 p.m.
  • Length: 10:09

All games in this series

Show
View Real Time Build Order
Export as new Build Order

HeroMarine Terran - Winner!

Build Orders: Cyclone Opening, MMM Bio 

Get SALT Encoding   

  12  0:00  SCV  
  13  0:12  SCV  
  14  0:17  Supply Depot  
  14  0:25  SCV  
  14  0:28  Refinery  
  15  0:39  SCV  
  16  0:44  Barracks  
  16  0:51  SCV  
  16  0:55  Refinery  
  17  1:03  SCV  
  18  1:15  SCV  
  19  1:31  Orbital Command  
  19  1:32  Factory  
  19  1:36  Reaper  
  20  1:47  Supply Depot  
  20  1:56  SCV  
  21  2:08  SCV, Reaper  
  23  2:16  Hellion  
  23  2:20  SCV  
  26  2:29  Command Center  
  26  2:33  SCV  
  27  2:38  Cyclone  
  30  2:45  SCV  
  30  2:50  Starport  
  31  2:55  Supply Depot  
  31  2:58  Barracks Reactor  
  31  3:09  SCV  
  31  3:21  SCV  
  31  3:23  Cyclone  
  35  3:27  Medivac  
  35  3:33  Supply Depot, SCV  
  38  3:38  Marine  
  39  3:55  SCV, Marine  
  41  3:57  Marine  
  41  3:58  Orbital Command  
  41  4:01  Bunker  
  42  4:07  SCV  
  43  4:14  Starport Tech Lab  
  43  4:15  Factory Tech Lab, Marine x2  
  45  4:21  SCV  
  45  4:24  SCV  
  46  4:32  Marine  
  46  4:33  SCV, Marine  
  46  4:36  SCV  
  49  4:39  Raven  
  49  4:41  Command Center  
  51  4:48  SCV  
  51  4:49  SCV  
  51  4:51  Marine  
  51  4:52  Marine  
  52  4:53  Siege Tank  
  55  5:00  SCV  
  55  5:01  SCV  
  57  5:09  Refinery  
  57  5:10  Refinery  
  57  5:13  SCV x2  
  59  5:18  Barracks  
  59  5:20  Barracks  
  59  5:25  SCV x2  
  59  5:28  Starport Reactor  
  61  5:29  Supply Depot  
  61  5:31  Stimpack  
  61  5:34  Engineering Bay  
  61  5:35  Engineering Bay  
  61  5:43  Siege Tank  
  61  5:46  SCV  
  61  5:48  SCV  
  66  5:55  Orbital Command  
  66  5:58  SCV  
  66  6:00  SCV  
  66  6:03  Marine  
  69  6:11  SCV  
  70  6:12  SCV  
  70  6:14  Starport Reactor  
  70  6:16  Siege Tank  
  74  6:19  Marine x2  
  74  6:21  Marine x2  
  74  6:24  Marine  
  79  6:32  Supply Depot  
  79  6:34  Supply Depot, Orbital Command  
  79  6:35  SCV  
  79  6:36  SCV  
  79  6:39  Terran Infantry Armor Level 1, Terran Infantry Weapons Level 1  
  81  6:40  Marine  
  81  6:42  Marine x2  
  81  6:43  Marine  
  81  6:44  Marine, Orbital Command  
  86  6:51  SCV x2  
  88  6:54  Missile Turret  
  88  6:57  Marine  
  88  6:58  Siege Tank  
  88  6:59  Medivac x2  
  96  7:03  Supply Depot  
  96  7:04  SCV x2  
  96  7:06  Marine x2  
  96  7:07  Marine  
  96  7:08  Marine  
  101  7:15  Marine  
  98  7:16  SCV  
  98  7:19  Supply Depot  
  100  7:24  Marine x2  
  100  7:25  Marine x2  
  104  7:30  Siege Tank  
  104  7:31  Combat Shields  
  104  7:32  Missile Turret  
  104  7:33  Medivac x2, Marine  
  112  7:42  Marine x2  
  112  7:43  Marine  
  113  7:48  SCV x2  
  113  7:49  Orbital Command, Barracks, Marine  
  113  7:50  Barracks  
  113  7:51  Marine  
  117  7:59  Marine  
  117  8:00  SCV x2, Marine  
  117  8:01  Marine  
  122  8:07  Marine  
  122  8:09  Marine  
  122  8:12  SCV  
  125  8:18  Armory  
  125  8:19  Supply Depot  
  125  8:20  Supply Depot  
  125  8:21  SCV x2, Marine x2  
  125  8:23  Sensor Tower  
  125  8:24  SCV  
  126  8:29  Marine  
  126  8:31  Marine x2  
  126  8:32  Medivac x2  
  126  8:33  SCV x2  
  130  8:36  SCV  
  130  8:41  Supply Depot, Barracks Reactor  
  131  8:42  Barracks Reactor, Refinery  
  131  8:43  Supply Depot, Refinery  
  131  8:45  SCV x2  
  131  8:46  Factory  
  133  8:48  SCV  
  133  8:53  Marine x3  
  136  8:58  Marine x2  
  136  9:01  Siege Tank  
  139  9:11  Marine x3  
  139  9:16  Marine  
  144  9:19  Marine x2  
  144  9:23  Marine x2  
  145  9:28  Marine  
  145  9:29  Marine x2  
  145  9:30  Barracks Reactor  
  148  9:34  Marine  
  148  9:37  Marine x2  
  148  9:41  Marine x2  
  148  9:43  SCV x2  
  148  9:44  SCV  
  156  9:46  Marine x2  
  156  9:47  Marine  
  156  9:48  Command Center  
  164  9:56  Supply Depot  
Show
View Real Time Build Order
Export as new Build Order

Seither Terran 

Build Orders: Cyclone Opening, MMM Bio 

Get SALT Encoding   

  12  0:00  SCV  
  13  0:12  SCV  
  14  0:17  Supply Depot  
  14  0:24  SCV  
  15  0:30  Refinery  
  15  0:38  SCV  
  16  0:45  Barracks  
  16  0:50  SCV  
  17  0:57  Refinery  
  17  1:03  SCV  
  18  1:15  SCV  
  19  1:33  Reaper, Orbital Command  
  19  1:37  Factory  
  20  1:48  Supply Depot  
  20  1:59  SCV  
  21  2:05  Reaper  
  22  2:11  SCV  
  23  2:21  Cyclone  
  26  2:23  SCV  
  27  2:32  Command Center  
  27  2:35  SCV  
  28  2:41  Barracks Reactor  
  28  2:44  Supply Depot  
  28  2:48  SCV  
  29  3:00  SCV  
  30  3:06  Cyclone  
  30  3:12  Supply Depot, SCV  
  34  3:19  Marine x2  
  35  3:24  SCV  
  35  3:36  SCV  
  36  3:44  Orbital Command  
  36  3:47  Cyclone x2  
  42  3:49  Barracks Tech Lab, SCV  
  43  4:01  SCV  
  44  4:09  Stimpack, Marine  
  45  4:10  SCV  
  45  4:13  SCV  
  47  4:22  SCV  
  48  4:25  Barracks  
  48  4:26  Engineering Bay  
  48  4:27  Barracks  
  48  4:29  Factory Reactor  
  48  4:36  SCV  
  49  4:39  Refinery  
  49  4:51  Supply Depot  
  46  4:53  Terran Infantry Weapons Level 1  
  46  5:02  SCV  
  46  5:12  Marine  
  46  5:13  SCV  
  48  5:14  SCV  
  48  5:15  Starport  
  48  5:16  Marine x2  
  48  5:19  Factory Reactor, Marine x2  
  53  5:24  Supply Depot  
  53  5:25  SCV  
  54  5:31  Supply Depot  
  54  5:46  SCV x2, Marine x5  
  54  5:48  Supply Depot  
  61  5:55  Command Center  
  61  5:58  Supply Depot, SCV x2  
  61  6:01  Factory Tech Lab  
  61  6:02  Medivac x2  
  61  6:04  Marine x3  
  70  6:10  SCV x2, Marine x2  
  73  6:20  Siege Tank  
  73  6:21  Marine x2  
  73  6:22  SCV x2, Refinery  
  73  6:24  Combat Shields  
  80  6:29  Supply Depot  
  80  6:30  Marine  
  80  6:31  Marine  
  82  6:34  SCV x2  
  82  6:38  Medivac  
  86  6:46  Supply Depot  
  86  6:51  Terran Infantry Armor Level 1, Medivac, Marine x3, SCV x2  
  86  6:52  Supply Depot  
  93  6:59  Supply Depot  
  93  7:03  SCV  
  93  7:07  Siege Tank  
  97  7:10  Barracks  
  97  7:11  Barracks  
  97  7:22  Marine  
  97  7:23  Marine x2  
  97  7:24  Orbital Command  
  97  7:25  SCV x2  
  102  7:31  Medivac x2  
  106  7:37  SCV x2  
  106  7:39  Supply Depot  
  108  7:46  Marine x5  
  108  7:47  Siege Tank  
  108  7:50  SCV x3  
  119  7:58  Marine x2  
  119  8:01  Medivac x2  
  119  8:02  SCV x2  
  127  8:10  Armory, SCV  
  127  8:11  Supply Depot, Engineering Bay  
  128  8:14  SCV x2  
  123  8:29  Marine x4  
  123  8:31  Marine  
  123  8:32  Siege Tank  
  127  8:38  Barracks Reactor x2  
  125  8:41  Refinery  
  125  8:42  Supply Depot, Refinery  
  125  8:47  Marine x4  
  129  8:50  Marine  
  129  8:52  Medivac x2  
  123  9:04  Siege Tank  
  123  9:05  Marine x4  
  130  9:11  Factory, Command Center  
  130  9:13  SCV  
  130  9:14  SCV  
  131  9:17  Barracks Reactor  
  131  9:20  SCV  
  131  9:22  Marine  
  131  9:23  Supply Depot, Marine  
  134  9:24  Supply Depot  
  134  9:26  SCV x2  
  134  9:27  Marine x6  
  139  9:36  Siege Tank  
  130  9:40  Marine x2  
  130  9:43  SCV x2  
  130  9:44  SCV, Marine x3  
  130  9:45  Marine x3  
Tags
 
Add a new tag
Caveats
  • Supply blocks, unpowered buildings, or Contaminate may cause inaccurate times.
  • Supply counts are checked every 10 seconds.